AoeStats
← La pomme1

Yucatan

510540509Analyzed
3v3 RM · 2d ago on Oct 1, 2026· 76m 54s· 6 players
Game mode
Random Map
Map size
Normal (6 player)
Population
200
Speed
Normal
Resources
Standard
Victory
Conquest
Starting age
Dark Age
Ending age
Imperial Age
RankedLock teamsTeams togetherTeam positionsShared explorationLock speedFull tech treeHidden civsTurbo modeCheats
Victory
Defeat
🇦🇺 Jurchens · Australia
1137
+12
🇦🇺 Vikings · Australia
1106
+13
🇦🇺 Franks · Australia
1023
+16
🇱🇧 Slavs · Lebanon
1095
-16
🇱🇧 Turks · Lebanon
1071
-15
🇱🇧 Khmer · Lebanon
950
-10
T!ts-Ron
15:51 Feudal Age
14:10 Loom
18:58 Double-Bit Axe
19:08 Gold Mining
19:09 Stone Mining
22:12 Castle Age
20:56 Wheelbarrow
24:20 Gold Shaft Mining
24:00 Bow Saw
26:07 Husbandry
28:00 Light Cavalry
30:48 Scale Barding Armor
30:44 Scale Mail Armor
30:55 Forging
30:58 Fortified Wall
30:45 Murder Holes
33:15 Ballistics
33:19 Chain Barding Armor
33:15 Chain Mail Armor
34:13 Hand Cart
33:45 Town Watch
33:24 Ordonnance Companies
34:08 Fletching
34:02 Treadmill Crane
34:17 Town Watch
35:24 Caravan
36:18 Guard Tower
36:39 Masonry
36:34 Padded Archer Armor
36:30 Bodkin Arrow
40:37 Imperial Age
39:37 Leather Archer Armor
39:58 Iron Casting
40:10 Pikeman
40:50 Squires
40:36 Arson
40:12 Man-at-Arms
40:38 Gambesons
40:16 Crossbowman
40:18 Elite Skirmisher
40:43 Cavalier
42:07 Plate Barding Armor
42:04 Plate Mail Armor
42:35 Blast Furnace
42:38 Chemistry
41:24 Arrowslits
42:10 Architecture
42:59 Paladin
46:20 Siege Engineers
48:35 Halberdier
48:36 Long Swordsman
48:54 Cranequins
54:00 Two-Handed Swordsman
57:03 Chivalry
57:24 Conscription
57:41 Hoardings
61:04 Champion
66:38 Heavy Mounted Crossbowman
FlankTank
11:13 Feudal Age
11:49 Horse Collar
11:55 Double-Bit Axe
17:54 Castle Age
17:24 Padded Archer Armor
17:16 Fletching
17:27 Padded Archer Armor
18:27 Bloodlines
18:24 Gold Mining
18:53 Husbandry
19:26 Bow Saw
22:14 Bodkin Arrow
24:22 Loom
29:54 Heavy Plow
31:05 Wheelbarrow
33:23 Imperial Age
33:30 Hand Cart
33:00 Town Watch
34:08 Ballistics
33:52 Fortified Bastions
34:33 Conscription
33:37 Heavy Cavalry Archer
34:19 Bracer
35:16 Scale Barding Armor
35:22 Forging
35:47 Masonry
36:45 Chain Barding Armor
38:03 Chemistry
36:45 Treadmill Crane
37:42 Iron Casting
37:51 Stone Mining
38:12 Herbal Medicine
37:43 Elite Iron Pagoda
40:30 Gold Shaft Mining
40:53 Hoardings
41:08 Plate Barding Armor
40:48 Leather Archer Armor
41:34 Blast Furnace
42:23 Architecture
41:59 Siege Engineers
43:32 Stone Shaft Mining
43:43 Ring Archer Armor
45:10 Elite Skirmisher
46:22 Scale Mail Armor
47:27 Two-Man Saw
46:58 Crop Rotation
52:55 Town Patrol
53:13 Chain Mail Armor
58:30 Murder Holes
58:45 Fortified Wall
62:33 Thunderclap Bombs
64:25 Guard Tower
64:22 Arrowslits
76:35 Keep
76:05 Siphons
76:11 Clinker Construction
76:11 Careening
75:23 Pikeman
76:04 Squires
75:49 Arson
77:41 Guilds
Hawk9710
7:22 Loom
12:40 Feudal Age
13:24 Double-Bit Axe
22:59 Castle Age
22:42 Man-at-Arms
23:47 Forging
23:37 Scale Mail Armor
24:08 Bow Saw
23:40 Horse Collar
24:14 Squires
23:35 Long Swordsman
25:23 Heavy Plow
30:12 Town Watch
34:23 Imperial Age
32:21 Stone Mining
33:13 Chieftains
33:18 Gold Mining
34:10 Iron Casting
34:44 Chain Mail Armor
35:15 Gold Shaft Mining
34:39 Arson
36:19 Blast Furnace
36:12 Conscription
35:41 Two-Handed Swordsman
37:30 Crop Rotation
38:03 Two-Man Saw
37:46 Plate Mail Armor
38:39 Hoardings
38:10 Champion
40:10 Fletching
40:43 Ballistics
40:19 Murder Holes
40:18 Onager
41:50 Siege Engineers
41:59 Masonry
44:08 Architecture
43:39 Bodkin Arrow
46:15 Chemistry
53:23 Bracer
63:33 Elite Berserk
64:18 Bogsveigar
La pomme1
11:20 Feudal Age
9:54 Loom
16:01 Castle Age
14:06 Double-Bit Axe
19:31 Horse Collar
20:44 Bow Saw
24:18 Heavy Plow
27:50 Wheelbarrow
28:20 Gold Mining
32:08 Hand Cart
31:39 Town Watch
34:41 Imperial Age
34:36 Ballistics
34:35 Bloodlines
34:49 Fletching
35:00 Padded Archer Armor
35:11 Forging
35:07 Scale Barding Armor
35:03 Treadmill Crane
36:17 Conscription
35:17 Elite Janissary
36:03 Artillery
37:02 Bodkin Arrow
37:22 Leather Archer Armor
37:44 Iron Casting
38:15 Bombard Tower
38:38 Gold Shaft Mining
37:54 Stone Mining
38:39 Gold Shaft Mining
37:54 Stone Mining
39:06 Two-Man Saw
41:47 Murder Holes
42:03 Masonry
44:20 Bracer
44:50 Ring Archer Armor
45:20 Blast Furnace
44:41 Chain Barding Armor
49:10 Town Patrol
52:31 Plate Barding Armor
52:50 Heavy Camel Rider
53:30 Husbandry
55:31 Architecture
55:19 Fortified Wall
zabreyski
11:43 Feudal Age
12:04 Loom
17:30 Castle Age
15:57 Double-Bit Axe
17:42 Wheelbarrow
18:02 Bloodlines
18:00 Scale Barding Armor
18:06 Forging
25:53 Husbandry
27:39 Gold Mining
29:02 Padded Archer Armor
28:53 Fletching
29:47 Gold Shaft Mining
30:57 Bow Saw
35:00 Imperial Age
33:15 Elite Skirmisher
35:49 Hand Cart
36:25 Bodkin Arrow
36:46 Leather Archer Armor
37:07 Conscription
36:34 Pikeman
37:19 Bracer
36:45 Elite Ballista Elephant
37:28 Tusk Swords
37:55 Double Crossbow
37:58 Cavalier
42:29 Stone Mining
43:22 Ring Archer Armor
43:12 Chain Barding Armor
43:28 Iron Casting
48:33 Crossbowman
54:37 Blast Furnace
53:37 Arbalester
Stivigi
11:37 Feudal Age
10:52 Loom
16:34 Castle Age
15:30 Gold Mining
15:21 Horse Collar
16:01 Double-Bit Axe
17:40 Bow Saw
18:34 Loom
18:36 Town Watch
18:24 Pikeman
21:28 Elite Skirmisher
26:07 Fletching
27:25 Wheelbarrow
29:16 Gold Shaft Mining
28:35 Stone Mining
34:31 Imperial Age
33:21 Bodkin Arrow
33:27 Scale Mail Armor
33:27 Padded Archer Armor
33:38 Forging
34:56 Hand Cart
35:36 Ballistics
36:17 Chemistry
36:25 Leather Archer Armor
36:18 Siege Engineers
38:46 Halberdier
40:10 Chain Mail Armor
40:31 Iron Casting
40:27 Ring Archer Armor
41:39 Chemistry
41:31 Conscription
41:23 Druzhina
42:19 Plate Mail Armor
59:42 Coinage
61:12 Banking
Connection lost

Rejoining the realm…

Still unreachable

The connection could not be restored.

Session expired

The server has moved on; the page needs a fresh start.